 Dungeon Crawl Stone Soup version 0.32-a0-468-g38b2580584 (webtiles) character file.

Game seed: 305571032579953453

998 ragingrage the Carver (level 8, -3/60 HPs)
             Began as a Coglin Warper on Feb 24, 2024.
             Was an Initiate of Gozag.
             Splashed by a jelly's acid (5 damage)
             ... on level 5 of the Dungeon.
             The game lasted 00:04:13 (5209 turns).

ragingrage the Carver (Coglin Warper)               Turns: 5209, Time: 00:04:14

Health: -3/60      AC: -2    Str: 12    XL:     8   Next: 19%
Magic:  10/10      EV: 10    Int: 12    God:    Gozag
Gold:   467        SH:  0    Dex: 16    Spells: 10/10 levels left

rFire   . . .        t - +0 short sword (venom) {Fernanda}
rCold   . . .        i - +2 dagger (speed) {Xiang}
rNeg    . . .        o - +0 ring mail
rPois   .            (no helmet)
rElec   .            (no cloak)
rCorr   .            (no gloves)
SInv    .            (no boots)
Will    .....        (no amulet)
Stlth   +            (ring unavailable)
HPRegen 0.30/turn    (ring unavailable)
MPRegen 0.12/turn

%: no passive effects
@: corroded, revved
A: off-hand wielding, slow wielding, warmup strikes, no rings
a: Renounce Religion, Potion Petition, Call Merchant, Bribe Branch


You were on level 5 of the Dungeon.
You worshipped Gozag.
Gozag was aware of your devotion.
You visited 1 branch of the dungeon, and saw 5 of its levels.

You collected 516 gold pieces.
You paid 49 gold pieces to Gozag.

Inventory:

Hand Weapons
 a - a +0 falchion {Suthep}
 g - a +0 dagger {Xiuying}
 i - a +2 dagger of speed (offhand) {Xiang}
 t - a +0 short sword of venom (weapon) {Fernanda}
 u - a +0 rapier {Shatamurrim}
 x - a +0 long sword {Zada}
Missiles
 d - 7 darts of dispersal
 h - a curare-tipped dart (quivered)
 y - a poisoned dart
Armour
 n - a +0 plate armour
 o - a +0 ring mail (worn)
Talismans
 q - a maw talisman
 s - a beast talisman
Wands
 m - a wand of paralysis (7)
 r - a wand of roots (6)
Scrolls
 b - 3 scrolls of teleportation {unknown}
 c - a scroll of blinking
 e - 2 scrolls of fear {unknown}
 j - a scroll of amnesia {unknown}
 k - 6 scrolls of identify {unknown}
 l - 2 scrolls of enchant weapon {unknown}
 p - a scroll of enchant armour {unknown}
 v - a scroll of summoning {unknown}
 w - a scroll of brand weapon {unknown}
 A - a scroll of vulnerability {unknown}
 B - a scroll of fog {unknown}
Potions
 f - a potion of degeneration {unknown}
 z - a potion of haste {unknown}


   Skills:
 + Level 3.7 Fighting
 + Level 0.9(4.7) Short Blades
 - Level 8.2 Long Blades
 - Level 0.8 Throwing
 - Level 0.8 Armour
 - Level 1.7 Dodging
 - Level 2.0 Stealth
 - Level 1.7 Spellcasting
 - Level 3.0 Translocations
 - Level 2.0 Evocations


You had 10 spell levels left.
You didn't know any spells.
Your spell library contained the following spells:

 Spells                   Type           Power      Damage    Failure   Level
 Blink                    Tloc           16%        N/A       28%         2
 Lesser Beckoning         Tloc           16%        N/A       28%         2
 Teleport Other           Tloc           8%         N/A       50%         3
 Manifold Assault         Tloc           8%         N/A       88%         4
 Vhi's Electric Charge    Tloc/Air       8%         N/A       98%         4


Dungeon Overview and Level Annotations

Branches:
Dungeon (5/15)
 Temple: D:4-7

Altars:
Fedhas
Gozag

Annotations:
D:1 1 runed translucent door
D:2 1 runed translucent door, Crazy Yiuf
D:4 exclusion: scorpion


Innate Abilities, Weirdness & Mutations

You can wield a second weapon in your off-hand.
It takes a long time for you to wield or remove held weapons.
Your first few attacks do less damage.
Your grasper-arms cannot wear rings.


Message History

No target in view!
No target in view!
A jelly comes into view.
The jelly quivers.
The jelly hits you but does no damage.
You hit the jelly with your +2 dagger of speed.
The acid corrodes you!
Your graspers burn!
You hit the jelly but do no damage. The acid corrodes you!
Your graspers burn!
A jelly is nearby!
You hit the jelly but do no damage.
Your graspers burn!
You hit the jelly but do no damage.
Your graspers burn!
The jelly closely misses you.
You hit the jelly with your +0 short sword of venom.
Your graspers burn!
You hit the jelly but do no damage. The acid corrodes you!
Your graspers burn!
The jelly barely misses you.
You hit the jelly but do no damage.
Your graspers burn!
You hit the jelly with your +2 dagger of speed.
The acid corrodes you!
Your graspers burn!
You hit the jelly but do no damage.
Your graspers burn!
You hit the jelly but do no damage. The acid corrodes you!
Your graspers burn!
The jelly hits you.
You are splashed with acid!
You hit the jelly with your +2 dagger of speed.
Your graspers burn!
You hit the jelly but do no damage.
Your graspers burn!
The jelly barely misses you.
You hit the jelly with your +2 dagger of speed.
Your graspers burn!
* * * LOW HITPOINT WARNING * * *
You hit the jelly but do no damage.
Your graspers burn!
* * * LOW HITPOINT WARNING * * *
You hit the jelly but do no damage.
Your graspers burn!
* * * LOW HITPOINT WARNING * * *
You hit the jelly but do no damage.
Your graspers burn!
* * * LOW HITPOINT WARNING * * *
The jelly hits you.
* * * LOW HITPOINT WARNING * * *
You are splashed with acid!
* * * LOW HITPOINT WARNING * * *
You hit the jelly but do no damage.
Your graspers burn!
You die...
Your body crumbles into a pile of gold.

............#....# #
########.##.#..... #.####
#.....#..### .#... ##
##..####..... ...## ###
...##..# ##.### ...#
..###..#..#####.# # #.##..#
#.#.............# # #....S#
#J#.#####...####### #####<#
#.@....<#.......#.. #########
###.#.###..#..#.#.# #.......#
#.#......#....#.#
#.#####.#####.#....#.#.#..#.#
#.# #.##[...####.#.#.#..#.#
#.# #.......# #.#.#.##...#
#.# ####....####.#.#..#...#
#.# ##.#......#.#....... #.#
#.######.#.#..#.#..


You could see a jelly.

Vanquished Creatures
  Grinder (D:4)
  Sigmund (D:4)
  2 black bears (D:4)
  A centaur (D:4)
  A kobold brigand (D:4)
  Blork the orc (D:4)
  A bombardier beetle (D:5)
  An orc priest (D:4)
  2 orc wizards (D:4)
  Ijyb (D:4)
  2 adders
  A shadow imp (D:5)
  A dart slug (D:4)
  A ribbon worm (D:4)
  14 orcs
  8 endoplasms
  A giant cockroach (D:1)
  5 hobgoblins
  4 quokkas
  4 ball pythons
  5 bats
  3 frilled lizards
  A goblin (D:3)
  8 kobolds
  2 rats
72 creatures vanquished.

Vanquished Creatures (others)
  An orc (D:4)
1 creature vanquished.

Grand Total: 73 creatures vanquished

Notes
Turn   | Place    | Note
-------+----------+-------------------------------------------
     0 | D:1      | ragingrage the Coglin Warper began the quest for the Orb.
     0 | D:1      | Reached XP level 1. HP: 16/16 MP: 3/3
     1 | D:1      | Found a runed translucent door.
   112 | D:1      | Reached XP level 2. HP: 22/22 MP: 4/4
  1023 | D:2      | Reached skill level 1 in Stealth
  1044 | D:2      | Reached skill level 3 in Long Blades
  1044 | D:2      | Reached XP level 3. HP: 23/27 MP: 5/5
  1109 | D:2      | Found a runed translucent door.
  1110 | D:2      | Noticed Crazy Yiuf
  1452 | D:3      | Found an opulent altar of Gozag.
  1485 | D:3      | Became a worshipper of Gozag Ym Sagoz the Greedy
  2103 | D:3      | Reached XP level 4. HP: 25/33 MP: 6/6
  2476 | D:4      | Noticed a black bear
  2568 | D:4      | Reached skill level 1 in Evocations
  2613 | D:4      | Noticed a scorpion
  2819 | D:4      | Noticed Grinder
  2831 | D:4      | Killed Grinder
  2832 | D:4      | Reached skill level 5 in Long Blades
  2832 | D:4      | Reached XP level 5. HP: 38/38 MP: 7/7
  2832 | D:4      | Reached XP level 6. HP: 44/44 MP: 8/8
  2975 | D:4      | Reached skill level 6 in Long Blades
  3250 | D:4      | Noticed Sigmund
  3255 | D:4      | Killed Sigmund
  3256 | D:4      | Reached XP level 7. HP: 50/50 MP: 9/9
  3292 | D:4      | Reached skill level 7 in Long Blades
  3372 | D:4      | Noticed Ijyb
  3384 | D:4      | Killed Ijyb
  4011 | D:5      | Entered Level 5 of the Dungeon
  4392 | D:5      | Noticed Blork the orc
  4401 | D:4      | Killed Blork the orc
  4465 | D:4      | Reached skill level 8 in Long Blades
  4465 | D:4      | Reached XP level 8. HP: 30/58 MP: 10/10
  4598 | D:5      | Found a blossoming altar of Fedhas.
  5208 | D:5      | HP: 2/60 [acid (9)]
  5209 | D:5      | Splashed by a jelly's acid

Illustrated notes

Levels and vault maps discovered:
D:1:      dpeg_arrival_caged_fury, layout_basic
D:2:      layout_loops_ring, uniq_crazy_yiuf_cottage
D:3:      layout_loops_ring, nicolae_gozag_seed_capital
D:4:      layout_basic, minmay_misc_feat_columns, uniq_grinder, uniq_sigmund,
          uniq_ijyb
D:5:      layout_basic, fedhas_bush_and_centaur_altar,
          minmay_temple_entry_from_below_a, nicolae_elemental_shop,
          grunt_decor_one_mirror, uniq_blork_the_orc

Skill      XL: |  1  2  3  4  5  6  7 |
---------------+----------------------+-----
Stealth        | 1 2 |  2.0
Long Blades    | 3 5 6 8 |  8.2
Evocations     | 2 |  2.0
Fighting       | 3 |  3.7
Short Blades   | |  0.9
Throwing       | |  0.8
Armour         | |  0.8
Dodging        | |  1.7
Spellcasting   | |  1.7
Translocations | |  3.0

Action                     |  1- 3 |  4- 6 |  7- 9 || total
---------------------------+-------+-------+-------++-------
  Melee: Falchion          |   101 |    57 |    44 ||   202
         Dagger            |    71 |    25 |   133 ||   229
         Rapier            |       |    29 |       ||    29
         Short sword       |       |       |    67 ||    67
         Long sword        |       |       |    18 ||    18
  Throw: Dart              |       |       |     3 ||     3
  Evoke: Wand              |       |     3 |     1 ||     4
    Use: Potion            |       |     5 |     2 ||     7
   Stab: Sleeping          |     1 |     3 |       ||     4
         Paralysed         |       |     9 |     2 ||    11
 Armour: Leather armour    |    29 |       |       ||    29
         Ring mail         |    28 |    49 |    66 ||   143
  Dodge: Dodged            |    68 |    18 |    38 ||   124

Table legend: (Time is in decaauts)
 A = Elapsed time spent in this place.
 B = Non-inter-level travel time spent in this place.
 C = Inter-level travel time spent in this place.
 D = Time resting spent in this place.
 E = Time spent auto-exploring this place.
 F = Levels seen in this place.
 G = Mean time per level.
                   A        B        C        D        E       F      G
               +--------+--------+--------+--------+--------+-----+--------+
         Total |   5174 |   4819 |    355 |   1014 |   2959 |   5 | 1034.8 |
       Dungeon |   5174 |   4819 |    355 |   1014 |   2959 |   5 | 1034.8 |
               +--------+--------+--------+--------+--------+-----+--------+

Top non-repeatable levels by time:
     D:4: 2271 daAuts
     D:3: 979 daAuts
     D:2: 817 daAuts
     D:1: 641 daAuts
     D:5: 465 daAuts
